 Dungeon Crawl Stone Soup version 0.24-a0-170-gd8427f5 (console) character file.

Game seed: 14256902909962775926

120 Duffy the Chopper (level 5, -3/49 HPs)
             Began as a Naga Gladiator on Mar 8, 2019.
             Killed by divine providence
             ... invoked by an orc priest
              (11 damage)
             ... on level 3 of the Dungeon.
             The game lasted 00:01:35 (2513 turns).

Duffy the Chopper (Naga Gladiator)                  Turns: 2513, Time: 00:01:37

Health: -3/49      AC:  4    Str: 16    XL:     5   Next: 4%
Magic:  5/5        EV: 10    Int: 10    God:
Gold:   87         SH:  0    Dex: 12    Spells: 4/4 levels left

rFire    . . .     SeeInvis +   a - +0 war axe
rCold    . . .     Gourm    .   (no shield)
rNeg     . . .     Faith    .   b - +0 leather armour
rPois    +         Spirit   .   c - +0 helmet
rElec    .         Reflect  .   (no cloak)
rCorr    .         Harm     .   (no gloves)
MR       .....                  (no barding)
Stlth    +.........             (no amulet)
HPRegen  0.16/turn              (no ring)
MPRegen  0.09/turn              (no ring)

@: very slow
A: large, see invisible, deformed body, poison resistance, slowness 2, slow
metabolism 1, spit poison 1, AC +1
a: Spit Poison


You were on level 3 of the Dungeon.
You were not hungry.

You visited 1 branch of the dungeon, and saw 3 of its levels.

You collected 87 gold pieces.

Inventory:

Hand Weapons
 a - a +0 war axe (weapon)
Missiles
 d - 3 throwing nets (quivered)
Armour
 b - a +0 leather armour (worn)
 c - a +0 helmet (worn)
Scrolls
 e - 3 scrolls of remove curse
 j - 2 scrolls of identify {unknown}
 l - a scroll of fear {unknown}
 p - a scroll of teleportation {unknown}
 q - a scroll of immolation {unknown}
Potions
 g - a potion of flight {unknown}
 h - a potion of magic {unknown}
 i - a potion of curing {unknown}
 m - a potion of haste {unknown}
 n - a potion of lignification {unknown}
 o - a potion of ambrosia {unknown}
Comestibles
 f - 5 rations


   Skills:
 + Level 3.3 Fighting
 + Level 4.0 Axes
 - Level 1.7 Throwing
 + Level 3.3 Dodging


You had 4 spell levels left.
You didn't know any spells.
Your spell library was empty.

Dungeon Overview and Level Annotations

Branches:
Dungeon (3/15)

Altars:
Gozag
Okawaru
Qazlal


Innate Abilities, Weirdness & Mutations

You cannot wear boots.
Your serpentine skin is tough. (AC +1)
You have supernaturally acute eyesight. (SInv)
Armour fits poorly on your strangely shaped body.
Your system is resistant to poisons. (rPois)
You cover ground very slowly.
You have a slow metabolism.
You can spit poison.


Message History

Your Axes skill increases to level 4!
You have reached level 5!
You barely miss the orc priest. The orc priest hits you.
The orc priest casts a cantrip, but nothing happens.
Things that are here:
a +0 dagger; a +0 club; an orc corpse The orc priest closely misses you.
There is a stone staircase leading down here.
You hit the orc priest.
The orc priest is moderately wounded.
The orc priest invokes the aid of Beogh against you.
Beogh smites you!
You completely miss the orc priest.
The orc priest is moderately wounded.
The orc priest hits you.
You closely miss the orc priest.
The orc priest is moderately wounded.
The orc priest mumbles some strange prayers to Beogh against you.
Beogh smites you!
You die...

#.. ... .# #.# #.. ..
##.## #.# .# ##...#####.#
.# ........##>##.#
##...##.##.##.#### #
##.###.#.#..#...###.####
###.###.##.##)##.........
<..............)o@.....#
....###.##.##%##.........
##..###..........###.#...
##...#####.##.#### # .
....... ......#
#........#.....
............... ........#
##### .......


You could see an orc priest.

Vanquished Creatures
  An orc wizard (D:3)
  4 adders
  A worm (D:2)
  A dart slug (D:1)
  An orc (D:3)
  4 giant cockroaches
  8 goblins
  4 hobgoblins
  4 jackals (D:3)
  4 kobolds
  4 ball pythons
  8 bats
  3 frilled lizards
  4 rats
51 creatures vanquished.

Notes
Turn   | Place    | Note
-------+----------+-------------------------------------------
     0 | D:1      | Duffy the Naga Gladiator began the quest for the Orb.
     0 | D:1      | Reached XP level 1. HP: 19/19 MP: 1/1
   504 | D:1      | Reached XP level 2. HP: 26/26 MP: 2/2
  1263 | D:2      | Found an iron altar of Okawaru.
  1272 | D:2      | Reached XP level 3. HP: 21/33 MP: 3/3
  1491 | D:2      | Found a stormy altar of Qazlal.
  1757 | D:2      | Found an opulent altar of Gozag.
  2075 | D:3      | Reached XP level 4. HP: 39/40 MP: 4/4
  2507 | D:3      | Reached skill level 4 in Axes
  2507 | D:3      | Reached XP level 5. HP: 26/49 MP: 5/5
  2513 | D:3      | Killed from afar by an orc priest

Levels and vault maps discovered:
D:1:      kilobyte_arrival_exit_the_forest, layout_basic
D:2:      layout_rooms, overflow_temple_1_default, old_standard_altar,
          lemuel_crystal_altar, serial_park_tiny_pond
D:3:      layout_loops_ring, gammafunk_ghost_grave

Skill      XL: |  1  2  3  4 |
---------------+-------------+-----
Dodging        | 3 |  3.3
Fighting       | 3 |  3.3
Axes           | 4 |  4.0
Throwing       | |  1.7

Action                   |  1- 3 |  4- 6 || total
-------------------------+-------+-------++-------
Melee: War axe           |    85 |    49 ||   134
  Use: Scroll            |     1 |       ||     1
  Eat: Chunk             |     2 |     2 ||     4
Armor: Leather armour    |    41 |    18 ||    59
Dodge: Dodged            |    71 |    37 ||   108

Table legend:
 A = Non-vault XP
 B = Vault XP
 C = Vault XP percentage of total XP
 D = Non-vault monster count
 E = Vault monster count
 F = Vault count percentage of total count
                 A         B        C        D         E       F
            +---------+---------+-------+---------+---------+-------
      Total |     172 |       0 |   0.0 |      51 |       0 |   0.0
            +---------+---------+-------+---------+---------+-------
        D:1 |      27 |       0 |   0.0 |      16 |       0 |   0.0
        D:2 |      52 |       0 |   0.0 |      16 |       0 |   0.0
        D:3 |      93 |       0 |   0.0 |      19 |       0 |   0.0
            +---------+---------+-------+---------+---------+-------
